Map: Neon Violet Square LE

Players

CynderQuil

  • Race: Zerg Zerg
  • League: Platinum
  • Spawn Location: 5:00

Devastator - Winner!

  • Race: Protoss Protoss
  • League: Diamond
  • Spawn Location: 11:00

VOD

Have the link to the VOD?

Description

Time

  • Played on: Jan. 8, 2018, 6:58 p.m.
  • Length: 12:16
Show
View Real Time Build Order
Export as new Build Order

CynderQuil Zerg 

Build Orders: Hatch First 

Get SALT Encoding   

  12  0:01  Drone  
  13  0:09  Drone  
  14  0:18  Overlord  
  14  0:36  Drone  
  14  0:37  Drone x2  
  17  0:56  Hatchery  
  16  0:59  Drone  
  16  1:01  Drone  
  18  1:17  Spawning Pool  
  17  1:18  Extractor  
  17  1:21  Drone  
  17  1:23  Drone  
  18  1:30  Drone  
  19  1:44  Overlord  
  19  1:55  Drone  
  20  2:05  Queen  
  20  2:06  Zergling x2  
  23  2:09  Queen  
  23  2:10  Zergling x2  
  25  2:44  Extractor  
  24  2:47  Roach Warren  
  23  2:58  Lair  
  23  3:01  Drone  
  23  3:02  Drone x2  
  26  3:19  Extractor  
  25  3:24  Drone x3  
  28  3:31  Roach  
  28  3:32  Overlord x2  
  31  3:48  Overlord  
  31  4:00  Hatchery  
  30  4:07  Ravager  
  30  4:09  Roach x2  
  35  4:21  Drone x2  
  35  4:22  Drone  
  38  4:29  Ravager x2  
  40  4:58  Drone x4  
  41  5:13  Hatchery  
  40  5:17  Glial Reconstitution  
  40  5:22  Drone x3  
  43  5:35  Queen  
  43  5:38  Drone x2  
  43  5:39  Drone  
  48  5:56  Overlord x2  
  48  6:06  Spire  
  47  6:11  Drone x2  
  47  6:12  Drone x3  
  47  6:15  Extractor  
  47  6:17  Extractor  
  50  6:33  Spine Crawler  
  50  6:35  Spine Crawler  
  48  6:40  Drone x3  
  51  6:50  Drone x6  
  57  7:05  Drone x5  
  62  7:12  Drone  
  62  7:13  Drone x2  
  65  7:16  Drone x3  
  65  7:17  Drone  
  65  7:19  Extractor  
  65  7:20  Extractor  
  65  7:22  Mutalisk  
  69  7:36  Drone  
  71  7:37  Drone x4  
  74  7:46  Zerg Flyer Armor Level 1  
  74  7:53  Spore Crawler  
  71  8:00  Mutalisk x2  
  71  8:01  Spore Crawler, Mutalisk x3  
  71  8:03  Overlord x4  
  73  8:23  Mutalisk x5  
  73  8:24  Mutalisk x2  
  87  8:27  Zergling x4  
  74  8:41  Mutalisk  
  74  8:43  Zergling x4  
  68  8:59  Overlord x2  
  68  9:00  Queen  
  68  9:01  Queen  
  72  9:15  Drone x4  
  70  9:40  Hatchery  
  69  9:50  Drone x6  
  75  10:03  Extractor, Hatchery  
  75  10:04  Drone  
  75  10:05  Drone  
  75  10:19  Drone x2  
  77  10:30  Drone x5  
  77  10:31  Drone x2  
  84  10:53  Hydralisk Den  
  84  10:55  Drone x4  
  84  10:56  Drone x2  
  89  10:59  Drone x4  
  93  11:07  Queen x2  
  92  11:45  Drone x2  
  92  11:46  Drone x6  
  92  11:47  Drone x2  
  102  11:48  Drone x2  
  104  12:03  Drone x3  
Show
View Real Time Build Order
Export as new Build Order

Devastator Protoss - Winner!

Build Orders:  

Get SALT Encoding   

  12  0:01  Probe  
  13  0:13  Probe  
  14  0:25  Probe  
  14  0:27  Pylon  
  15  0:45  Probe (Chrono Boost)  
  15  0:46  Forge  
  17  0:57  Probe (Chrono Boost)  
  17  1:03  Probe (Chrono Boost)  
  18  1:10  Gateway  
  18  1:11  Probe  
  19  1:23  Probe  
  19  1:24  Pylon  
  20  1:35  Probe  
  21  1:43  Photon Cannon  
  21  1:47  Photon Cannon  
  21  2:04  Nexus  
  22  2:22  Probe  
  22  2:26  Assimilator  
  22  2:29  Pylon  
  22  2:30  Assimilator  
  22  2:35  Probe  
  23  2:45  Photon Cannon  
  23  2:48  Cybernetics Core  
  23  3:03  Pylon  
  23  3:06  Zealot (Chrono Boost)  
  25  3:17  Photon Cannon  
  26  3:22  Probe (Chrono Boost)  
  26  3:23  Probe (Chrono Boost)  
  27  3:33  Probe (Chrono Boost)  
  29  3:35  Probe (Chrono Boost)  
  29  3:38  Probe (Chrono Boost)  
  30  3:43  Probe  
  32  3:55  Probe  
  31  4:07  Probe  
  31  4:08  Gateway  
  32  4:11  Gateway  
  32  4:12  Gateway  
  32  4:14  Gateway  
  32  4:18  Pylon  
  32  4:22  Probe (Chrono Boost)  
  32  4:23  Probe (Chrono Boost)  
  34  4:25  Warp Gate (Chrono Boost)  
  34  4:31  Adept  
  34  4:33  Probe (Chrono Boost)  
  34  4:36  Probe (Chrono Boost)  
  34  4:38  Probe (Chrono Boost)  
  38  4:44  Probe  
  40  4:48  Probe  
  40  4:50  Twilight Council  
  41  4:55  Pylon  
  41  5:00  Probe  
  42  5:08  Pylon  
  42  5:11  Assimilator  
  42  5:15  Assimilator  
  42  5:16  Stalker x2  
  42  5:20  Protoss Ground Weapons Level 1 (Chrono Boost)  
  46  5:21  Adept  
  46  5:22  Adept  
  46  5:24  Resonating Glaives (Chrono Boost)  
  50  5:35  Robotics Facility  
  50  5:43  Pylon  
  50  5:47  Pylon  
  50  5:51  Gateway x2  
  50  6:00  Probe  
  50  6:04  Probe  
  52  6:13  Probe  
  52  6:16  Probe  
  54  6:28  Probe  
  54  6:30  Warp Prism (Chrono Boost)  
  55  6:51  Adept  
  57  7:15  Stalker  
  59  7:16  Stalker  
  59  7:17  Protoss Shields Level 1  
  61  7:34  Nexus  
  61  7:35  Pylon  
  61  7:38  Pylon  
  61  7:43  Adept x4  
  61  7:44  Adept x3  
  73  8:25  Adept  
  73  8:26  Adept x5  
  73  8:27  Adept  
  73  8:57  Probe (Chrono Boost)  
  74  9:02  Stalker x3  
  74  9:03  Stalker x4  
  74  9:05  Probe (Chrono Boost)  
  74  9:07  Probe x2 (Chrono Boost)  
  77  9:12  Probe x2 (Chrono Boost)  
  77  9:13  Probe  
  77  9:14  Shield Battery  
  74  9:18  Photon Cannon  
  74  9:20  Photon Cannon  
  74  9:23  Probe, Photon Cannon  
  74  9:24  Probe  
  76  9:25  Probe  
  76  9:27  Photon Cannon  
  76  9:30  Shield Battery x2  
  77  9:33  Shield Battery  
  77  9:34  Stalker x2  
  77  9:35  Probe, Stalker x2  
  77  9:36  Probe  
  77  9:37  Probe, Shield Battery  
  86  9:48  Probe x2, Stalker x3  
  86  9:49  Probe  
  86  9:52  Protoss Ground Weapons Level 2 (Chrono Boost)  
  95  9:57  Blink (Chrono Boost)  
  95  10:00  Probe  
  96  10:12  Probe  
  97  10:16  Assimilator  
  97  10:20  Pylon  
  97  10:24  Assimilator  
  97  10:26  Stalker x4  
  97  10:27  Stalker  
  97  10:28  Stalker  
  109  10:29  Stalker  
  111  10:50  Probe  
  111  10:55  Photon Cannon  
  112  10:58  Photon Cannon  
  112  10:59  Adept x4  
  112  11:00  Adept  
  112  11:01  Adept  
  112  11:02  Probe  
  125  11:14  Pylon  
  125  11:18  Probe  
  124  11:19  Pylon  
  124  11:22  Pylon  
  114  11:33  Stalker x2  
  114  11:34  Stalker x2  
  114  11:36  Stalker x2  
  114  11:37  Stalker  
  128  11:58  Stalker x2  
  128  11:59  Stalker  
  128  12:01  Stalker x3  
  136  12:03  Stalker  
Tags
 
Add a new tag
Caveats
  • Supply blocks, unpowered buildings, or Contaminate may cause inaccurate times.
  • Supply counts are checked every 10 seconds.